 Dungeon Crawl Stone Soup version 0.20-a0-738-gb057e68 (webtiles) character file.

879 Minion the Grappler (level 7, 0/66 HPs)
             Began as a Troll Monk on Feb 24, 2017.
             Slain by a gnoll
             ... wielding a +0 spear
              (3 damage)
             ... on level 5 of the Dungeon.
             The game lasted 00:03:17 (2958 turns).

Minion the Grappler (Troll Monk)                    Turns: 2958, Time: 00:03:17

Health: 0/66       AC:  5    Str: 20    XL:     7   Next: 75%
Magic:  6/6        EV: 10    Int:  6    God:
Gold:   144        SH:  0    Dex: 14    Spells: 6/6 levels left

rFire    . . .     SeeInvis .     - Unarmed
rCold    . . .     Gourm    +   a - +0 robe
rNeg     . . .     Faith    .   (no shield)
rPois    .         Spirit   .   (helmet restricted)
rElec    .         Reflect  .   (no cloak)
rCorr    .         Harm     .   (gloves unavailable)
MR       .....                  (boots unavailable)
Stlth    ++........             (no amulet)
Regen    0.7/turn               (no ring)
MPRegen  0.1/turn               (no ring)

@: no status effects
A: unfitting armour, claws 3, fast metabolism 3, gourmand, regeneration 1,
shaggy fur 1, tough skin 2
a: no special abilities


You were on level 5 of the Dungeon.
You were very full.

You visited 1 branch of the dungeon, and saw 5 of its levels.

You collected 144 gold pieces.

Inventory:

Armour
 a - a +0 robe (worn)
Jewellery
 z - an uncursed ring of resist corrosion {unknown}
Wands
 u - a wand of paralysis (15/24)
Scrolls
 c - a scroll of amnesia {unknown}
 e - 3 scrolls of immolation {unknown}
 i - 2 scrolls of teleportation {unknown}
 j - 5 scrolls of remove curse {unknown}
 k - 3 scrolls of magic mapping {unknown}
 q - 3 scrolls of identify {unknown}
 r - 4 scrolls of enchant weapon {unknown}
 s - a scroll of fog {unknown}
 y - a scroll of enchant armour {unknown}
Potions
 d - a potion of curing {unknown}
 g - a potion of ambrosia {unknown}
 h - 2 potions of resistance {unknown}
 l - a potion of haste {unknown}
 m - a potion of flight {unknown}
 n - a potion of mutation {unknown}
 o - a potion of might {unknown}
 p - a potion of cancellation {unknown}
 v - a potion of brilliance {unknown}
 x - 2 potions of lignification {unknown}
Comestibles
 b - 4 bread rations
 f - 2 fruits
 w - a meat ration


   Skills:
 - Level 2.4 Fighting
 - Level 2.4 Dodging
 - Level 1.0 Stealth
 + Level 9.4 Unarmed Combat


You had 6 spell levels left.
You didn't know any spells.

Dungeon Overview and Level Annotations

Branches:
Dungeon (5/15)
 Temple: D:4-7

Altars:
Yredelemnul


Innate Abilities, Weirdness & Mutations

You are too large for most types of armour.
You have claws for hands.
Your metabolism is lightning-fast.
You like to eat raw meat.
Your natural rate of healing is unusually fast.
You are covered in fur. (AC +1)
You have very tough skin. (AC +2)


Message History

The gnoll sergeant is severely wounded.
The gnoll sergeant closely misses you. The gnoll closely misses you.
You scratch the gnoll sergeant.
The gnoll sergeant is almost dead.
The gnoll sergeant hits you with a vampiric spear.
The gnoll hits you from afar with a spear!
* * * LOW HITPOINT WARNING * * *
You barely miss the gnoll sergeant.
The gnoll sergeant is almost dead.
The gnoll sergeant hits you with a vampiric spear.
* * * LOW HITPOINT WARNING * * *
The gnoll barely misses you.
You barely miss the gnoll sergeant.
The gnoll sergeant is almost dead.
The gnoll sergeant hits you with a vampiric spear!
* * * LOW HITPOINT WARNING * * *
You scratch the gnoll sergeant but do no damage.
The gnoll sergeant is almost dead.
The gnoll hits you from afar with a spear.
You die...

#.....###.#.#
#. #.....#
.#.# ..
#.....# .# #.
#.....# .[
##.#### #.#
#.#
#.######.#
#...@gggg#
########.#


You could see a gnoll sergeant and 3 gnolls.

Vanquished Creatures
  Sigmund (D:2)
  2 ogres (D:4)
  A scorpion (D:4)
  A water moccasin skeleton (D:4)
  A howler monkey (D:4)
  A hound (D:4)
  An orc priest (D:4)
  A centaur skeleton (D:4)
  4 orc wizards (D:4)
  Terence (D:3)
  2 worker ants (D:4)
  2 gnolls
  3 adders
  2 adder skeletons
  3 worms
  3 dart slugs
  3 leopard geckos
  5 orcs (D:4)
  A ball python (D:3)
  3 giant cockroaches
  6 goblins
  3 hobgoblins
  8 jackals
  A quokka (D:3)
  9 bats
  2 frilled lizards
  7 kobolds
  6 rats
83 creatures vanquished.

Vanquished Creatures (others)
  An orc wizard (D:4)
1 creature vanquished.

Grand Total: 84 creatures vanquished

Notes
Turn   | Place    | Note
-------+----------+-------------------------------------------
     0 | D:1      | Minion the Troll Monk began the quest for the Orb.
     0 | D:1      | Reached XP level 1. HP: 22/22 MP: 0/0
    35 | D:1      | Reached XP level 2. HP: 19/29 MP: 1/1
   123 | D:1      | Reached skill level 4 in Unarmed Combat
   265 | D:1      | Reached XP level 3. HP: 35/36 MP: 2/2
  1006 | D:2      | Reached XP level 4. HP: 44/44 MP: 3/3
  1161 | D:2      | Noticed Sigmund
  1172 | D:2      | Killed Sigmund
  1172 | D:2      | Reached skill level 6 in Unarmed Combat
  1172 | D:2      | Reached XP level 5. HP: 23/50 MP: 4/4
  1484 | D:3      | Found a basalt altar of Yredelemnul.
  1591 | D:3      | Noticed Terence
  1597 | D:3      | Killed Terence
  1605 | D:3      | Reached XP level 6. HP: 41/59 MP: 5/5
  1897 | D:4      | Reached skill level 7 in Unarmed Combat
  2236 | D:4      | Reached skill level 8 in Unarmed Combat
  2236 | D:4      | Reached XP level 7. HP: 62/66 MP: 6/6
  2597 | D:4      | Reached skill level 9 in Unarmed Combat
  2803 | D:5      | Entered Level 5 of the Dungeon
  2957 | D:5      | HP: 3/66 [gnoll sergeant/vampiric spear (7)]
  2958 | D:5      | Slain by a gnoll

Vault maps used:
D:1:      minmay_arrival_loop
D:2:      kennysheep_big_flooded_room, first_bread, serial_forest,
          infiniplex_forest_clump_large, infiniplex_forest_lined_2,
          infiniplex_forest_clump_C, infiniplex_forest_clump_large,
          infiniplex_forest_3_way, infiniplex_forest_clump_small,
          infiniplex_forest_lined_1, infiniplex_forest_lined_room_2,
          minmay_misc_feat_tiny, uniq_sigmund
D:3:      yredelemnul_altar_generic, uniq_terence

Skill      XL: |  1  2  3  4  5  6  7 |
---------------+----------------------+-----
Unarmed Combat | 4 6 8 9 |  9.4
Fighting       | |  2.4
Dodging        | |  2.4
Stealth        | |  1.0

Action                   |  1- 3 |  4- 6 |  7- 9 || total
-------------------------+-------+-------+-------++-------
Melee: Unarmed           |    84 |    91 |    41 ||   216
       Punch             |     2 |     3 |       ||     5
 Stab: Sleeping          |     5 |     3 |     1 ||     9
  Eat: Chunk             |    15 |    11 |     5 ||    31
Armor: Robe              |    44 |    26 |     3 ||    73
Dodge: Dodged            |    45 |    28 |    25 ||    98
